 Dungeon Crawl Stone Soup version 0.21.1-1-g345015f (webtiles) character file.

49 kae the Insei (level 3, -4/26 HPs)
             Began as a Demonspawn Transmuter on May 16, 2018.
             Slain by an adder (5 damage)
             ... on level 2 of the Dungeon.
             The game lasted 00:01:23 (1427 turns).

kae the Insei (Demonspawn Transmuter)               Turns: 1427, Time: 00:01:24

Health: -4/26      AC:  2    Str:  8 (10) XL:     3   Next: 53%
Magic:  5/6        EV: 17    Int: 18 (19) God:
Gold:   51         SH:  0    Dex: 16 (19) Spells: 5/6 levels left

rFire    . . .     SeeInvis .     - Unarmed
rCold    . . .     Gourm    .   (no shield)
rNeg     . . .     Faith    .   b - +0 robe
rPois    .         Spirit   .   (no helmet)
rElec    .         Reflect  .   (no cloak)
rCorr    .         Harm     .   (no gloves)
MR       .....                  (no boots)
Stlth    +++.......             (no amulet)
HPRegen  0.08/turn              (no ring)
MPRegen  0.10/turn              (no ring)

@: brilliant, agile, lethally poisoned (-4 -> -8), appendage
A: horns 2, nightstalker 1
a: End Transformation


You were on level 2 of the Dungeon.
You were not hungry.
You had grown temporary horns.
You visited 1 branch of the dungeon, and saw 2 of its levels.

You collected 51 gold pieces.

Inventory:

Missiles
 a - 22 arrows
Armour
 b - a +0 robe (worn)
Jewellery
 f - an uncursed ring of magical power {unknown}
Scrolls
 g - 2 scrolls of teleportation {unknown}
 h - 2 scrolls of amnesia {unknown}
 i - 2 scrolls of immolation {unknown}
 j - a scroll of fog {unknown}
Potions
 k - a potion of degeneration
Books
 c - a book of Changes

   Spells                             Type                      Level
   a - Beastly Appendage              Transmutation                1
   b - Sticks to Snakes               Transmutation                2
   c - Spider Form                    Transmutation/Poison         3
   d - Ice Form                       Ice/Transmutation            4
   e - Blade Hands                    Transmutation                5
Comestibles
 d - a ration
 m - 2 chunks of flesh


   Skills:
 + Level 1.5 Fighting
 - Level 1.7 Dodging
 * Level 3.3 Unarmed Combat
 + Level 2.3 Spellcasting
 * Level 2.5 Transmutations


You had 5 spell levels left.
You knew the following spells:

 Your Spells              Type           Power        Failure   Level  Hunger
a - Beastly Appendage     Tmut           ###...       1%          1    #......


Dungeon Overview and Level Annotations

Branches:
Dungeon (2/15)

Altars:


Innate Abilities, Weirdness & Mutations

You are slightly more attuned to the shadows.
You have a pair of horns on your head.


Message History

* * * LOW HITPOINT WARNING * * *
You hit the hobgoblin.
You kill the hobgoblin!
The adder misses you.
You hit the adder. Your headbutt misses the adder.
The adder is heavily wounded.
The adder closely misses you.
You hit the adder.
The adder is almost dead.
The adder closely misses you.
You barely miss the adder.
The adder is almost dead.
The adder misses you.
You barely miss the adder.
The adder is almost dead.
The adder bites you.
* * * LOW HITPOINT WARNING * * *
You are lethally poisoned!
The adder poisons you! The adder bites you.
You die...

#>### #...# .<..#
#...# ....#
#...#######
##..#####.........#
..................#
..................#
#............>....#
..).#####.........#
...## #...####@##
#### #..$# #S#
#...# #g..g...
#.... #######.
#..### #..# #...


You could see an adder and a goblin.

Vanquished Creatures
  An adder (D:2)
  A worm (D:2)
  2 dart slugs
  2 giant cockroaches (D:1)
  4 goblins
  5 hobgoblins
  6 kobolds (D:1)
  A ball python (D:1)
  6 bats
  A frilled lizard (D:1)
  3 rats (D:1)
32 creatures vanquished.

Notes
Turn   | Place    | Note
-------+----------+-------------------------------------------
     0 | D:1      | kae the Demonspawn Transmuter began the quest for the Orb.
     0 | D:1      | Reached XP level 1. HP: 15/15 MP: 3/3
   206 | D:1      | Gained mutation: You are slightly more attuned to the shadows. [demonic ancestry]
   206 | D:1      | Reached XP level 2. HP: 18/21 MP: 3/5
   249 | D:1      | Reached skill level 3 in Unarmed Combat
   987 | D:1      | Reached XP level 3. HP: 16/26 MP: 6/6
  1427 | D:2      | HP: 1/26 [adder (3)]
  1427 | D:2      | Slain by an adder

Skill      XL: |  1  2 |
---------------+-------+-----
Transmutations | 2 |  2.5
Unarmed Combat | 3 |  3.3
Fighting       | |  1.5
Dodging        | |  1.7
Spellcasting   | |  2.3

Action                   || total
-------------------------++-------
Melee: Unarmed           ||   115
       Kick              ||     5
       Punch             ||     2
       Headbutt          ||    12
 Cast: Beastly Appendage ||    14
  Use: Potion            ||     3
 Stab: Sleeping          ||     5
  Eat: Chunk             ||     2
Armor: Robe              ||    23
Dodge: Dodged            ||    90
